 Dungeon Crawl Stone Soup version 0.28.0 (webtiles) character file.

Game seed: 11214168694560016897

373 ProzacElf the Ducker (level 6, -1/48 HPs)
             Began as a Merfolk Hunter on Feb 6, 2022.
             Was a Follower of Uskayaw.
             Slain by an orc priest (10 damage)
             ... on level 3 of the Dungeon.
             The game lasted 00:05:13 (3211 turns).

ProzacElf the Ducker (Merfolk Hunter)               Turns: 3211, Time: 00:05:13

Health: -1/48      AC:  3    Str: 14    XL:     6   Next: 71%
Magic:  6/6        EV: 13    Int: 10    God:    Uskayaw [*.....]
Gold:   202        SH:  0    Dex: 15    Spells: 5/5 levels left

rFire   . . .      SeeInvis .   b - +0 scythe
rCold   . . .      Faith    .   (shield currently unavailable)
rNeg    . . .      Spirit   .   l - +0 leather armour
rPois   .          Reflect  .   (no helmet)
rElec   .          Harm     .   (no cloak)
rCorr   .          Rampage  .   (no gloves)
Will    .....                   (no boots)
Stlth   ++........              m - amulet of regeneration
HPRegen 0.96/turn               (no ring)
MPRegen 0.10/turn               (no ring)

@: no status effects
A: (nimble swimmer 2), mertail
a: Renounce Religion, Stomp


You were on level 3 of the Dungeon.
You worshipped Uskayaw.
Uskayaw was noncommittal.
You visited 1 branch of the dungeon, and saw 3 of its levels.

You collected 202 gold pieces.

Inventory:

Hand Weapons
 a - a +0 short sword
 b - a +0 scythe (weapon)
 p - a +2 whip of venom
Missiles
 c - 6 javelins
 d - 2 throwing nets (quivered)
Armour
 l - a +0 leather armour (worn)
Jewellery
 m - an amulet of regeneration (around neck)
Wands
 o - a wand of iceblast (7)
Scrolls
 e - 6 scrolls of identify {unknown}
 f - a scroll of blinking {unknown}
 g - a scroll of immolation {unknown}
 h - a scroll of teleportation {unknown}
 q - a scroll of fog {unknown}
Potions
 i - a potion of might {unknown}
 j - a potion of attraction {unknown}
 k - a potion of curing {unknown}
 n - a potion of flight {unknown}
 r - a potion of brilliance {unknown}
 s - a potion of ambrosia {unknown}


   Skills:
 + Level 4.0 Fighting
 * Level 4.1 Polearms
 - Level 5.0 Throwing
 - Level 5.0 Dodging
 - Level 2.8 Stealth


You had 5 spell levels left.
You didn't know any spells.
Your spell library contained the following spells:

 Spells                   Type           Power      Damage    Failure   Level
 Beastly Appendage        Tmut           0%         N/A       43%         1
 Static Discharge         Conj/Air       0%         N/A       58%         2
 Wereblood                Tmut           0%         N/A       58%         2
 Spider Form              Tmut/Pois      0%         N/A       82%         3
 Lightning Bolt           Conj/Air       0%         1d11      100%        5
 Maxwell's Capacitive Co  Air            0%         ∞         100%        8


Dungeon Overview and Level Annotations

Branches:
Dungeon (3/15)

Altars:
Cheibriados
Gozag
Uskayaw
Beogh

Annotations:
D:3 3 runed translucent doors, issech's ghost, weakling TrMo


Innate Abilities, Weirdness & Mutations

((You are very nimble when in or above water. (Stealth+, EV+, Speed+++)))
Your lower body shifts to a powerful aquatic tail in water.


Message History

Tha orc priest calls down tha wrath o' Beogh upon ye.
Beogh smites ye!
Ye take 14 damage, an' haf 34/48 hp.
MASSIVE DAMAGE!!
Ye reach ta attack!
Ye slash tha kobold!
Ye kill tha kobold!
Nay target in view!
Nay target in view!
Ye start restin'.
An orc priest be nearby!
Ye reach ta attack!
Ye barely miss tha orc priest.
Tha orc priest hits ye wit' a +0 flail.
Ye take 3 damage, an' haf 35/48 hp.
Ye hit tha orc priest but do nay damage.
Tha orc priest closely misses ye.
Tha orc priest hits ye wit' a +0 flail!
Ye take 5 damage, an' haf 30/48 hp.
Ye hit tha orc priest.
Tha orc priest be moderately wounded.
Tha orc priest misses ye.
Ye regain'd 2 hp, an' now haf 32/48 hp.
Ye barely miss tha orc priest.
Tha orc priest be moderately wounded.
Tha orc priest barely misses ye.
Tha orc priest hits ye but does nay damage.
Ye closely miss tha orc priest.
Tha orc priest be moderately wounded.
Tha orc priest mumbles some strange prayers ta Beogh against ye.
Beogh smites ye!
Tha orc priest hits ye wit' a +0 flail.
Ye take 15 damage, an' haf 18/48 hp.
MASSIVE DAMAGE!!
Ye be too injured ta fight recklessly!
Ye be too injured ta fight recklessly!
Ye be too injured ta fight recklessly!
Ye be too injured ta fight recklessly!
Ye be too injured ta fight recklessly!
Ye barely miss tha orc priest.
Tha orc priest be moderately wounded.
Tha orc priest calls down tha wrath o' Beogh upon ye.
Beogh smites ye!
* * * LOW HITPOINT WARNIN'
* * * Tha orc priest hits ye wit' a +0 flail!
Ye die...

$...$##.##.#
#)#
.8.8.##.##.#
#.#
#).o###.##.#
#.#
##o##....#.#
#.#
##o.o......#
#.#
####....###
#.# #####o#.##
#.# ........#
#.# #####.###
#@# #
#.##########o#
#
#.....oo...)o#
#
##############
# #


You could see an orc priest and an orc.

Vanquished Creatures
  Sigmund (D:2)
  A phantom (D:3)
  An orc priest (D:3)
  4 adders
  A shadow imp (D:3)
  2 worms (D:3)
  2 dart slugs
  2 orcs
  5 ball pythons
  6 endoplasms
  6 giant cockroaches
  3 goblins
  7 hobgoblins
  6 kobolds
  2 quokkas
  3 bats
  4 frilled lizards
  5 rats
61 creatures vanquished.

Notes
Turn   | Place    | Note
-------+----------+-------------------------------------------
     0 | D:1      | ProzacElf the Merfolk Hunter began the quest for the Orb.
     0 | D:1      | Reached XP level 1. HP: 16/16 MP: 1/1
     6 | D:1      | Noticed a polar bear
     6 | D:1      | Noticed a wyvern
     6 | D:1      | Noticed a hog
   261 | D:1      | Reached XP level 2. HP: 14/22 MP: 2/2
   937 | D:1      | Reached XP level 3. HP: 18/27 MP: 3/3
  1499 | D:2      | Found a hide-covered altar of Uskayaw.
  1506 | D:2      | Became a worshipper of Uskayaw the Reveller
  1613 | D:2      | Noticed Sigmund
  1614 | D:2      | Reached * piety under Uskayaw
  1615 | D:2      | Killed Sigmund
  1615 | D:2      | Reached ** piety under Uskayaw
  1616 | D:2      | Reached skill level 5 in Throwing
  1616 | D:2      | Reached skill level 5 in Dodging
  1616 | D:2      | Reached XP level 4. HP: 35/35 MP: 4/4
  1616 | D:2      | Reached XP level 5. HP: 41/41 MP: 5/5
  1684 | D:2      | Found a faded altar of an unknown god.
  1702 | D:2      | Reached skill level 1 in Polearms
  2139 | D:3      | Reached XP level 6. HP: 47/47 MP: 6/6
  2285 | D:3      | Found a snail-covered altar of Cheibriados.
  2706 | D:3      | Found a runed translucent gate.
  2706 | D:3      | Found a runed translucent gate.
  2706 | D:3      | Found a runed translucent gate.
  2734 | D:3      | HP: 1/47 [phantom (7)]
  2807 | D:3      | Found an opulent altar of Gozag.
  2814 | D:3      | Noticed issech's ghost (weakling TrMo)
  3211 | D:3      | Slain by an orc priest

Illustrated notes

Levels and vault maps discovered:
D:1:      onia_arrival_zoo_common, layout_loops_ring, grunt_decor_mini_mirrors,
          chequers_decorated_corner
D:2:      layout_rooms, basic_altar, ebering_ecumenical_altar_hall, st_stairs_3,
          uniq_sigmund
D:3:      layout_loops_ring, chei_slow_surprise, ebering_ghost_gozag,
          kennysheep_orc_chapel

Skill      XL: |  1  2  3  4  5  6 |
---------------+-------------------+-----
Dodging        | 3 5 |  5.0
Throwing       | 5 |  5.0
Fighting       | 3 4 |  4.0
Stealth        | 2 |  2.8
Polearms       | 1 4 |  4.1

Action                   |  1- 3 |  4- 6 || total
-------------------------+-------+-------++-------
Melee: Short sword       |   135 |       ||   135
       Punch             |     1 |       ||     1
       Scythe            |       |   127 ||   127
Throw: Javelin           |     2 |     7 ||     9
       Throwing net      |       |     2 ||     2
 Stab: Sleeping          |     3 |     9 ||    12
Armor: Leather armour    |    36 |    41 ||    77
Dodge: Dodged            |    97 |   140 ||   237
